 Dungeon Crawl Stone Soup version 0.29-a0-321-gf1c400731a (webtiles) character file.

Game seed: 1889356851028064790

3 Flugslaktarn the Vexing (level 1, 0/16 HPs)
             Began as a Palentonga Enchanter on Apr 2, 2022.
             Slain by a quokka (3 damage)
             ... on level 3 of the Dungeon.
             The game lasted 00:00:28 (101 turns).

Flugslaktarn the Vexing (Palentonga Enchanter)       Turns: 101, Time: 00:00:28

Health: 0/16       AC:  4    Str: 11    XL:     1   Next: 41%
Magic:  3/3        EV:  9    Int: 15    God:
Gold:   16         SH:  0    Dex: 10    Spells: 4/4 levels left

rFire   . . .      SeeInvis +   a - +1 dagger
rCold   . . .      Faith    .   (no shield)
rNeg    . . .      Spirit   .   b - +0 robe
rPois   .          Reflect  .   (no helmet)
rElec   .          Harm     .   (no cloak)
rCorr   .          Rampage  .   (no gloves)
Will    .....                   (no barding)
Stlth   ++........              (no amulet)
HPRegen 0.05/turn               (no ring)
MPRegen 0.08/turn               (no ring)

@: no status effects
A: large, rugged brown scales 3, see invisible, deformed body, roll 1, armoured
tail
a: Rolling Charge


You were on level 3 of the Dungeon.
You visited 1 branch of the dungeon, and saw 3 of its levels.

You collected 16 gold pieces.

Inventory:

Hand Weapons
 a - a +1 dagger (weapon)
Armour
 b - a +0 robe (worn)
Potions
 c - 2 potions of invisibility
 d - a potion of haste {unknown}


   Skills:
 + Level 1.0 Fighting
 - Level 1.0 Short Blades
 - Level 1.5 Dodging
 - Level 2.0 Stealth
 - Level 2.0 Spellcasting
 - Level 3.0 Hexes


You had 4 spell levels left.
You didn't know any spells.
Your spell library contained the following spells:

 Spells                   Type           Power      Damage    Failure   Level
 Ensorcelled Hibernation  Hex/Ice        12%        N/A       19%         2
 Confusing Touch          Hex            10%        N/A       19%         3
 Tukima's Dance           Hex            10%        N/A       19%         3
 Dazzling Flash           Conj/Hex       12%        N/A       34%         3


Dungeon Overview and Level Annotations

Branches:
Dungeon (3/15)

Altars:


Innate Abilities, Weirdness & Mutations

You are completely covered in rugged brown scales. (AC +3, +7% HP)
You have supernaturally acute eyesight. (SInv)
Armour fits poorly on your strangely shaped body.
You can roll at nearby foes to attack.
You have a long armoured tail.


Message History

The kobold misses you.
You hit the kobold.
You kill the kobold!
A bat comes into view.
You see here a +0 short sword.
The bat barely misses you.
You hit the bat.
The bat is moderately wounded.
The bat hits you but does no damage.
You closely miss the bat.
The bat is moderately wounded.
The bat hits you but does no damage.
You hit the bat.
The bat is severely wounded.
The bat closely misses you. The bat hits you but does no damage.
The bat closely misses you.
You enter the shallow water.
Moving in this stuff is going to be slow.
The bat hits you. The bat closely misses you. The bat hits you.
You barely miss the bat.
Your tail-slap misses the bat.
The bat is severely wounded.
The bat hits you but does no damage.
You barely miss the bat.
The bat is severely wounded.
The bat hits you but does no damage. The bat hits you but does no damage.
You enter the shallow water.
Moving in this stuff is going to be slow.
The bat hits you.
You closely miss the bat.
Your tail-slap misses the bat.
The bat is heavily wounded.
The bat closely misses you. x2
A kobold comes into view. It is wielding a +0 club.
You miss the bat.
The bat is heavily wounded.
The bat closely misses you. The bat barely misses you.
The bat hits you but does no damage.
You barely miss the bat.
The kobold shouts!
Your tail-slap misses the bat.
The bat is heavily wounded.
The bat closely misses you. The bat closely misses you.
You closely miss the bat.
The bat is heavily wounded.
The bat hits you but does no damage. The bat completely misses you.
The bat barely misses you.
You closely miss the kobold. The kobold hits you with a +0 club.
You hit the bat.
You kill the bat!
The kobold hits you but does no damage.
You closely miss the kobold. Your punch misses the kobold.
The kobold hits you with a +0 club.
You hit the kobold.
The kobold is moderately wounded.
The kobold hits you with a +0 club.
You completely miss the kobold. The kobold hits you with a +0 club.
* * * LOW HITPOINT WARNING * * *
You hit the kobold.
The kobold is moderately wounded.
The kobold hits you but does no damage.
You hit the kobold.
You kill the kobold!
Your Fighting skill increases to level 1!
Things that are here:
a +0 club; 4 stones; a kobold corpse
Found a hunting sling.
Found a stone staircase leading down.
You see here a +0 hunting sling.
Found a sedimented green potion.
d - a sedimented green potion
There is a stone staircase leading down here.
You climb downwards.
There is a stone staircase leading up here.
Found 16 gold pieces.
A quokka comes into view.
You see here 16 gold pieces.
You now have 16 gold pieces.
Roll where?
Press: ? - help, Dir - move target, f - quokka
Aim: a quokka You roll forward with a clatter of scales!
You hit the quokka but do no damage. The quokka barely misses you.
You miss the quokka.
Your tail-slap misses the quokka.
Your punch misses the quokka. The quokka closely misses you.
An orc comes into view. It is wielding a +0 dagger.
You hit the quokka but do no damage.
The quokka bites you but does no damage.
You barely miss the quokka. The quokka barely misses you. The quokka bites you.
* * * LOW HITPOINT WARNING * * *
The quokka bites you but does no damage.
The quokka attacks as you move away! The quokka closely misses you.
You closely miss the quokka. The quokka bites you.
* * * LOW HITPOINT WARNING * * *
You hit the quokka but do no damage. The quokka barely misses you.
You closely miss the quokka. The quokka bites you.
You die...

#.########.<..#
#.# #..#.# #.#
#..# # #.# #..#
#.### #..#
#.#.. ....
#.#.# ##.#
#.#.# #.#
#@#.##
#.ro.####.
#.........≈
##...####.≈
##.## #.. ####


You could see an orc and a quokka.

Vanquished Creatures
  A bat (D:2)
  2 kobolds (D:2)
3 creatures vanquished.

Notes
Turn   | Place    | Note
-------+----------+-------------------------------------------
     0 | D:1      | Flugslaktarn the Palentonga Enchanter began the quest for
                  | the Orb.
     0 | D:1      | Reached XP level 1. HP: 13/13 MP: 3/3
    37 | D:2      | Reached skill level 1 in Fighting
   101 | D:3      | Slain by a quokka

Illustrated notes

Levels and vault maps discovered:
D:1:      dpeg_arrival_long_road, layout_basic
D:2:      wander_river, layout_basic, shapermc_ecumenical_altar_petra,
          serial_shops, nicolae_shop_overgrown_old_shop,
          kennysheep_generic_room_6
D:3:      layout_loops_ring, mainiacjoe_overflow_brackets,
          nicolae_dithmenos_shadow_blocks, minmay_checkerbox

Skill      XL: |  1 |
---------------+----+-----
Fighting       | 1 |  1.0
Short Blades   | |  1.0
Dodging        | |  1.5
Stealth        | |  2.0
Spellcasting   | |  2.0
Hexes          | |  3.0

Action                   || total
-------------------------++-------
Melee: Dagger            ||    25
 Abil: Rolling Charge    ||     2
Armor: Robe              ||    12
Dodge: Dodged            ||    18

Table legend: (Time is in decaauts)
 A = Elapsed time spent in this place.
 B = Non-inter-level travel time spent in this place.
 C = Inter-level travel time spent in this place.
 D = Time resting spent in this place.
 E = Time spent auto-exploring this place.
 F = Levels seen in this place.
 G = Mean time per level.
                   A        B        C        D        E       F      G
               +--------+--------+--------+--------+--------+-----+--------+
         Total |    101 |    101 |      0 |      0 |      0 |   3 |   33.7 |
       Dungeon |    101 |    101 |      0 |      0 |      0 |   3 |   33.7 |
               +--------+--------+--------+--------+--------+-----+--------+

Top non-repeatable levels by time:
     D:2: 67 daAuts
     D:3: 29 daAuts
     D:1: 4 daAuts
